 Dungeon Crawl Stone Soup version 0.25.0-46-gbd7b0854d2 (webtiles) character file.

Game seed: 17940406995098908846

75 DildoBatman the Conjurer (level 4, 0/30 HPs)
             Began as a Formicid Wizard on July 14, 2020.
             Succumbed to an adder's poison
             ... on level 3 of the Dungeon.
             The game lasted 00:05:00 (1965 turns).

DildoBatman the Conjurer (Formicid Wizard)          Turns: 1965, Time: 00:05:00

Health: 0/30       AC:  2    Str: 12    XL:     4   Next: 55%
Magic:  8/8        EV: 11    Int: 18    God:
Gold:   144        SH:  2    Dex:  9    Spells: 2/9 levels left

rFire    . . .     SeeInvis +   t - -3 whip (curse)
rCold    . . .     Gourm    .   k - +0 buckler (curse)
rNeg     + . .     Faith    .   s - +0 robe
rPois    .         Spirit   .   (helmet unavailable)
rElec    .         Reflect  .   (no cloak)
rCorr    .         Harm     .   (no gloves)
MR       .....                  (no boots)
Stlth    +++.......             (no amulet)
HPRegen  0.10/turn              i - ring of positive energy
MPRegen  0.11/turn              j - ring of stealth

@: lethally poisoned (0 -> -14)
A: permanent stasis, dig shafts and tunnels, four strong arms, antennae 3
a: Dig, Shaft Self


You were on level 3 of the Dungeon.
You were not hungry.

You visited 1 branch of the dungeon, and saw 3 of its levels.

You collected 144 gold pieces.

Inventory:

Hand Weapons
 a - a +0 hunting sling
 b - a +0 short sword
 t - a cursed -3 whip (weapon)
Missiles
 c - 68 arrows
 g - 42 stones (quivered)
 m - 45 sling bullets
Armour
 k - a cursed +0 buckler (worn)
 s - a +0 robe (worn)
Jewellery
 i - a ring of positive energy (left hand)
 j - a ring of stealth (right hand)
 n - an uncursed ring of ice
Potions
 d - a potion of stabbing {unknown}
 h - a potion of curing {unknown}
 l - a potion of brilliance {unknown}
 r - a potion of magic {unknown}
Comestibles
 f - 2 chunks of flesh
 v - 5 rations


   Skills:
 - Level 1.7 Dodging
 - Level 2.4 Stealth
 * Level 0.0 Shields
 - Level 3.2 Spellcasting
 - Level 3.6 Conjurations
   Level 1.0 Summonings
   Level 0.8 Translocations


You had 2 spell levels left.
You knew the following spells:

 Your Spells              Type           Power        Failure   Level  Hunger
a - Conjure Flame         Conj/Fire      #.......     36%         3    ###....
c - Magic Dart            Conj           ###.         6%          1    None
e - Mephitic Cloud        Conj/Pois/Air  #.......     43%         3    ###....

Your spell library contained the following spells:

 Spells                   Type           Power        Failure   Level  Hunger
 Call Imp                 Summ           #.......     26%         2    ##.....
 Slow                     Hex            #.......     38%         2    ##.....
 Blink                    Tloc           Unusable     N/A         2    N/A

Dungeon Overview and Level Annotations

Branches:
Dungeon (3/15)

Altars:
Wu Jian

Annotations:
D:1 Robin
D:2 1 exclusion


Innate Abilities, Weirdness & Mutations

You cannot be hasted, slowed, berserked, paralysed or teleported.
You can dig through walls and to a lower floor.
Your four strong arms can wield two-handed weapons with a shield.
You have a pair of large antennae on your head. (SInv)


Message History

What are your orders? t - Shout!
Orders for allies: a - Attack new target. r - Retreat! s - Stop attacking. g - Guard the area. f - Follow me.
Anything else - Cancel.
You shout for attention!
You feel sick. The adder barely misses you. The adder bites you.
The quokka closely misses you. The rat bites you.
What are your orders? t - Shout!
Orders for allies: a - Attack new target. r - Retreat! s - Stop attacking. g - Guard the area. f - Follow me.
Anything else - Cancel.
You shout for attention!
You die...

...## ## #...#
.. #.#.# #
.##...##.#
........# ####
......###
#....#Sr.lo...
#..@SK..#
##sgr..##
##.%.## ......
#...#..
#.#.#.#.#
#.#.# . .
#.#.. #


You could see 2 adders, an orc, a quokka, a giant cockroach, a hobgoblin, a
kobold, a frilled lizard and a rat.

Vanquished Creatures
  2 adders (D:2)
  A dart slug (D:1)
  2 leopard geckos
  A ball python (D:2)
  2 giant cockroaches (D:1)
  9 hobgoblins
  6 kobolds
  7 bats
  3 frilled lizards
  A giant cockroach zombie (D:2)
  10 goblins
  11 rats
55 creatures vanquished.

Notes
Turn   | Place    | Note
-------+----------+-------------------------------------------
     0 | D:1      | DildoBatman the Formicid Wizard began the quest for the
                  | Orb.
     0 | D:1      | Reached XP level 1. HP: 13/13 MP: 4/4
    38 | D:1      | Reached skill level 1 in Conjurations
   235 | D:1      | Reached XP level 2. HP: 19/19 MP: 4/6
   652 | D:1      | Reached XP level 3. HP: 23/24 MP: 3/7
   658 | D:1      | Learned a level 3 spell: Conjure Flame
   662 | D:1      | Learned a level 3 spell: Mephitic Cloud
  1393 | D:2      | Found an ornate altar of the Wu Jian Council.
  1536 | D:2      | Reached XP level 4. HP: 25/30 MP: 3/8
  1540 | D:2      | Noticed Robin
  1964 | D:3      | HP: 1/30 [rat (1)]
  1965 | D:3      | Succumbed to an adder's poison

Illustrated notes

Levels and vault maps discovered:
D:1:      wander_arrival_chamber, layout_loops_cross
D:2:      layout_rooms, lemuel_doored_altar, minmay_tromino_i2, uniq_robin
D:3:      layout_loops_ring, first_ration, hex_large

Skill      XL: |  1  2  3 |
---------------+----------+-----
Conjurations   | 1 2 3 |  3.6
Dodging        | |  1.7
Stealth        | |  2.4
Spellcasting   | |  3.2
Summonings     | |  1.0
Translocations | |  0.8

Action                   |  1- 3 |  4- 6 || total
-------------------------+-------+-------++-------
Melee: Club              |     6 |       ||     6
       Short sword       |     9 |       ||     9
 Fire: Hunting sling     |       |     1 ||     1
Throw: Stone             |     5 |       ||     5
 Cast: Magic Dart        |    77 |    21 ||    98
 Abil: Dig               |       |     1 ||     1
  Use: Scroll            |       |     4 ||     4
 Stab: Sleeping          |     3 |       ||     3
  Eat: Chunk             |     2 |     1 ||     3
Armor: Robe              |     8 |     6 ||    14
Dodge: Dodged            |    16 |    28 ||    44
Block: Buckler           |       |     5 ||     5
